 Dungeon Crawl Stone Soup version 0.31.0-9-g3a7656b989 (webtiles) character file.

Game seed: 3782223213911633523

76 qw the Shooter (level 4, -1/25 HPs)
             Began as a Deep Elf Hunter on Feb 3, 2024.
             Slain by an orc priest
             ... wielding a +0 hand axe
              (2 damage)
             ... on level 3 of the Dungeon.
             The game lasted 00:00:31 (1449 turns).

qw the Shooter (Deep Elf Hunter)                    Turns: 1449, Time: 00:00:32

Health: -1/25      AC:  8    Str: 10    XL:     4   Next: 12%
Magic:  6/6        EV: 14    Int: 14    God:
Gold:   161        SH:  0    Dex: 18    Spells: 3/3 levels left

rFire   . . .        a - +0 shortbow
rCold   . . .        (shield currently unavailable)
rNeg    . . .        j - +0 scale mail
rPois   .            (no helmet)
rElec   .            g - +0 cloak
rCorr   .            (no gloves)
SInv    .            e - +0 pair of boots
Will    +....        (no amulet)
Stlth   +            d - +5 ring of evasion
HPRegen 0.24/turn    m - ring of willpower
MPRegen 0.10/turn

%: no passive effects
@: no status effects
A: no striking features
a: no special abilities


You were on level 3 of the Dungeon.
You visited 1 branch of the dungeon, and saw 3 of its levels.

You collected 161 gold pieces.


   Skills:
 - Level 1.5 Fighting
 + Level 7.5 Ranged Weapons
 - Level 2.4 Dodging
 - Level 1.2 Stealth


You had 3 spell levels left.
You didn't know any spells.
Your spell library was empty.

Inventory:

Hand Weapons
 a - a +0 shortbow (weapon)
Armour
 b - the +0 robe of Exclusion {rF+}
   (You found it on level 3 of the Dungeon)

   rF+:       It protects you from fire.
 e - a +0 pair of boots (worn)
 g - a +0 cloak (worn)
 i - a +0 helmet
 j - a +0 scale mail (worn)
Jewellery
 d - a +5 ring of evasion (left hand)
 m - a ring of willpower (right hand)
 Y - a ring of positive energy
Scrolls
 h - a scroll of identify
Potions
 c - a potion of haste {unknown}
 f - a potion of attraction {unknown}
 k - a potion of curing {unknown}
 l - a potion of magic {unknown}

Dungeon Overview and Level Annotations

Branches:
Dungeon (3/15)

Altars:


Message History

You kill the orc!
The endoplasm freezes you.
You are frozen.
The rat bites you.
You shoot an arrow. The arrow hits the rat.
You kill the rat!
The orc priest looks encouraged for a moment.
The endoplasm freezes you.
You are frozen.
The orc hits you with a +0 club.
The endoplasm hits you but does no damage.
The hobgoblin closely misses you.
You shoot an arrow. The arrow hits the orc!
You kill the orc!
The hobgoblin completely misses you. The endoplasm misses you.
You shoot an arrow. The arrow hits the orc.
The orc is moderately wounded.
The hobgoblin closely misses you. The orc completely misses you.
The endoplasm freezes you.
You are frozen.
You shoot an arrow. The arrow hits the orc.
The orc is severely wounded.
The orc hits you but does no damage.
The hobgoblin hits you but does no damage.
The endoplasm closely misses you. The orc hits you but does no damage.
The endoplasm hits you but does no damage.
The hobgoblin barely misses you.
You shoot an arrow. The arrow hits the orc!
You kill the orc!
The hobgoblin misses you.
The orc priest casts a cantrip, but nothing happens.
The endoplasm freezes you.
You are frozen.
You shoot an arrow. The arrow hits the hobgoblin.
The hobgoblin is moderately wounded.
The hobgoblin hits you. The endoplasm barely misses you.
You shoot an arrow.
The arrow hits the hobgoblin but does no damage.
The hobgoblin is moderately wounded.
The hobgoblin closely misses you.
The orc priest hits you with a +0 hand axe.
You die...

#.......# ##.####
#.......# #..#
####.#########.##
#.# #.....# #.#
#....## #.#
#....# ##.#
#....# #..#
#....# #@##
##.###
#.....oJg.....###
#.............#
#.............#
#......~......#
#......)..¤...#
#....¤.!¤....?#
#...~.?~¤¤~...#


You could see an orc priest, an endoplasm and a hobgoblin.

Vanquished Creatures
  An adder (D:2)
  2 dart slugs
  A ribbon worm (D:3)
  3 orcs (D:3)
  5 ball pythons
  An endoplasm (D:1)
  3 giant cockroaches
  10 goblins
  4 hobgoblins
  2 kobolds
  A quokka (D:3)
  12 bats
  3 frilled lizards
  7 rats
  A spectral hobgoblin (D:2)
56 creatures vanquished.

Notes
Turn   | Place    | Note
-------+----------+-------------------------------------------
     0 | D:1      | qw the Deep Elf Hunter began the quest for the Orb.
     0 | D:1      | Reached XP level 1. HP: 12/12 MP: 3/3
     0 | D:1      | 0 ||| qw: Version: 0.3-a-155-g5e7d8dd
     0 | D:1      | 0 ||| qw: Game counter: 2945
     0 | D:1      | 0 ||| qw: Melee chars always use a shield: true
     0 | D:1      | 0 ||| qw: God list: Okawaru
     0 | D:1      | 0 ||| qw: Allow faded altars: false
     0 | D:1      | 0 ||| qw: Do Orc after clearing Dungeon:15 true
     0 | D:1      | 0 ||| qw: Do second Lair branch before Depths: true
     0 | D:1      | 0 ||| qw: Lair rune preference: random
     0 | D:1      | 0 ||| qw: Goals: Normal
     0 | D:1      | 0 ||| PLANNING D:1-11
    80 | D:1      | Reached skill level 6 in Ranged Weapons
    80 | D:1      | Reached XP level 2. HP: 16/16 MP: 4/4
   518 | D:1      | 518 ||| UPGRADING to +0 cloak.
   523 | D:1      | 523 ||| UPGRADING to +0 scale mail.
   533 | D:1      | 533 ||| DROPPING +0 leather armour.
   534 | D:1      | 534 ||| UPGRADING to ring of willpower.
   535 | D:1      | 535 ||| UPGRADING to ring of positive energy.
   536 | D:1      | 536 ||| READING scroll labelled YMUBOJELUPS.
   536 | D:1      | 536 ||| IDENTIFYING glowing grey potion
   537 | D:1      | 537 ||| READING scroll labelled KOX YTEW IJA.
   538 | D:1      | 538 ||| READING scroll labelled OCVISE MIRINUI.
   542 | D:1      | 542 ||| DROPPING scroll of butterflies.
   543 | D:1      | 543 ||| DROPPING potion of brilliance.
   567 | D:2      | Reached XP level 3. HP: 20/20 MP: 5/5
   600 | D:2      | Found a faded altar of an unknown god.
  1003 | D:2      | HP: 4/20 [adder (3)]
  1005 | D:2      | Reached skill level 7 in Ranged Weapons
  1082 | D:2      | Noticed a phantom
  1246 | D:2      | 1246 ||| UPGRADING to +0 pair of boots.
  1251 | D:2      | 1251 ||| UPGRADING to +5 ring of evasion.
  1253 | D:2      | 1253 ||| UPGRADING to ring of willpower.
  1255 | D:2      | 1255 ||| READING scroll labelled KIDOMYOMILL.
  1279 | D:3      | 1279 ||| STAIRDANCE
  1284 | D:3      | 1284 ||| STAIRDANCE
  1358 | D:3      | Identified the +0 robe of Exclusion {rF+}
  1430 | D:3      | Reached XP level 4. HP: 25/25 MP: 6/6
  1443 | D:3      | HP: 5/25 [orc/+0 club (5)]
  1445 | D:3      | HP: 2/25 [frozen (4)]
  1449 | D:3      | Slain by an orc priest

Levels and vault maps discovered:
D:1:      lemuel_arrival_hallway, layout_rooms, minmay_misc_feat_more_columns
D:2:      layout_loops_ring, dreamdust_ecumenical_altar_drowned_temple,
          lightli_corner_chamber
D:3:      layout_rooms, grunt_ministairs_15, kennysheep_generic_room_2

Skill      XL: |  1  2  3 |
---------------+----------+-----
Ranged Weapons | 6 7 |  7.5
Fighting       | |  1.5
Dodging        | |  2.4
Stealth        | |  1.2

Action                     |  1- 3 |  4- 6 || total
---------------------------+-------+-------++-------
   Fire: Shortbow          |   144 |    16 ||   160
    Use: Scroll            |     4 |       ||     4
 Armour: Leather armour    |    16 |       ||    16
         Scale mail        |    34 |    11 ||    45
  Dodge: Dodged            |    57 |    14 ||    71

Table legend:
 A = Non-vault XP
 B = Vault XP
 C = Vault XP percentage of total XP
 D = Non-vault monster count
 E = Vault monster count
 F = Vault count percentage of total count
                 A         B        C        D         E       F
            +---------+---------+-------+---------+---------+-------
      Total |     102 |       7 |   6.4 |      51 |       5 |   8.9
            +---------+---------+-------+---------+---------+-------
        D:1 |      40 |       0 |   0.0 |      26 |       0 |   0.0
        D:2 |      36 |       4 |  10.0 |      13 |       3 |  18.8
        D:3 |      26 |       3 |  10.3 |      12 |       2 |  14.3
            +---------+---------+-------+---------+---------+-------
